 Dungeon Crawl Stone Soup version 0.24-a0-25-g8489be9 (webtiles) character file.

Game seed: 2312585490932927539

36 Dantiko the Grasshopper (level 3, -1/24 HPs)
             Began as a Halfling Warper on Feb 2, 2019.
             Slain by a goblin (4 damage)
             ... on level 3 of the Dungeon.
             The game lasted 00:05:58 (1109 turns).

Dantiko the Grasshopper (Halfling Warper)           Turns: 1109, Time: 00:05:59

Health: -1/24      AC:  5    Str: 12    XL:     3   Next: 57%
Magic:  5/5        EV: 14    Int: 11    God:
Gold:   62         SH:  0    Dex: 14    Spells: 3/5 levels left

rFire    . . .     SeeInvis .   h - +0 dagger (venom)
rCold    . . .     Gourm    .   (shield restricted)
rNeg     . . .     Faith    .   b - +0 leather armour
rPois    .         Spirit   .   (no helmet)
rElec    .         Reflect  .   o - +1 cloak
rCorr    .         Harm     .   (no gloves)
MR       .....                  (no boots)
Stlth    +.........             (no amulet)
HPRegen  0.08/turn              (no ring)
MPRegen  0.09/turn              (no ring)

@: no status effects
A: small, mutation resistance 1
a: no special abilities


You were on level 3 of the Dungeon.
You were hungry.

You visited 1 branch of the dungeon, and saw 3 of its levels.

You collected 62 gold pieces.

Inventory:

Hand Weapons
 h - a +0 dagger of venom (weapon)
Missiles
 a - 7 tomahawks
 e - 5 tomahawks of dispersal (quivered)
 j - 106 stones
Armour
 b - a +0 leather armour (worn)
 c - a +0 shield
 o - a +1 cloak (worn)
Jewellery
 p - a +5 amulet of reflection {unknown}
Scrolls
 d - a scroll of blinking
 g - 2 scrolls of identify {unknown}
 i - a scroll of fog
 n - a scroll of remove curse
 r - a scroll of amnesia {unknown}
 s - a scroll of random uselessness {unknown}
Potions
 k - a potion of curing {unknown}
 l - a potion of lignification {unknown}
 m - a potion of agility {unknown}
Comestibles
 f - 4 rations
 q - a chunk of flesh


   Skills:
 - Level 1.7 Fighting
 - Level 3.2 Short Blades
 - Level 1.0 Throwing
 - Level 1.1 Armour
 - Level 2.1 Dodging
 - Level 1.5 Spellcasting
 * Level 4.4 Translocations


You had 3 spell levels left.
You knew the following spells:

 Your Spells              Type           Power        Failure   Level  Hunger
a - Blink                 Tloc           N/A          10%         2    ###....

Your spell library contained the following spells:

 Spells                   Type           Power        Failure   Level  Hunger
 Gell's Gravitas          Tloc           ##........   19%         3    ####...
 Lesser Beckoning         Tloc           ##........   19%         3    ####...
 Teleport Other           Tloc           ##......     19%         3    ####...
 Shroud of Golubria       Chrm/Tloc      #.........   24%         2    ###....
 Passage of Golubria      Tloc           N/A          54%         4    #####..


Dungeon Overview and Level Annotations

Branches:
Dungeon (3/15)

Altars:


Innate Abilities, Weirdness & Mutations

You are small and have problems with some larger weapons.
You are somewhat resistant to further mutation.


Message History

You see here a +0 club.
The leopard gecko barely misses you.
A goblin comes into view.
The goblin shouts!
You hear a shout!
The goblin wields a +0 hunting sling.
The goblin shoots a stone.
The stone misses you.
Found a stone staircase leading down.
You see here a stone.
A hobgoblin comes into view.
The goblin shoots a stone.
The stone barely misses you.
The stone barely misses the leopard gecko.
The leopard gecko closely misses you.
The goblin shoots a stone.
The stone barely misses you.
The stone hits the leopard gecko.
The leopard gecko dies!
A gnoll comes into view. It is wielding a +0 club.
The gnoll shouts!
The goblin unwields a +0 hunting sling.
The goblin barely misses you.
You closely miss the goblin. The goblin hits you.
You die...

#.# ##g## #...#
... ... #g# #g#
#@# #.# #.# #g#
################n#
.go...o..gr.ng.((#
##################


You could see a necrophage, 2 gnolls, a hobgoblin and a goblin.

Vanquished Creatures
  A gnoll (D:3)
  2 dart slugs (D:1)
  2 giant cockroaches (D:1)
  2 goblins
  2 hobgoblins (D:1)
  2 jackals (D:1)
  3 kobolds
  A bat (D:1)
  A frilled lizard (D:2)
  3 rats
19 creatures vanquished.

Vanquished Creatures (others)
  A leopard gecko (D:3)
1 creature vanquished.

Grand Total: 20 creatures vanquished

Notes
Turn   | Place    | Note
-------+----------+-------------------------------------------
     0 | D:1      | Dantiko the Halfling Warper began the quest for the Orb.
     0 | D:1      | Reached XP level 1. HP: 14/14 MP: 3/3
    56 | D:1      | Reached XP level 2. HP: 19/19 MP: 4/4
    72 | D:1      | Learned a level 2 spell: Blink
   666 | D:2      | Reached XP level 3. HP: 23/24 MP: 5/5
   667 | D:2      | Reached skill level 4 in Translocations
   980 | D:2      | You fall through a shaft!
  1045 | D:3      | Noticed a necrophage
  1109 | D:3      | Slain by a goblin

Vault maps used:
D:1:      ebering_trefoil_3fold
D:3:      tso_metal_star, chequers_ecumenical_altar_simple_redux

Skill      XL: |  1  2  3 |
---------------+----------+-----
Short Blades   | 3 |  3.2
Translocations | 4 |  4.4
Fighting       | |  1.7
Throwing       | |  1.0
Armour         | |  1.1
Dodging        | |  2.1
Spellcasting   | |  1.5

Action                   || total
-------------------------++-------
Melee: Short sword       ||    44
       Dagger            ||    17
 Cast: Blink             ||     1
  Use: Scroll            ||     3
Armor: Leather armour    ||    18
Dodge: Dodged            ||    64

Table legend:
 A = Non-vault XP
 B = Vault XP
 C = Vault XP percentage of total XP
 D = Non-vault monster count
 E = Vault monster count
 F = Vault count percentage of total count
                 A         B        C        D         E       F
            +---------+---------+-------+---------+---------+-------
      Total |      52 |       0 |   0.0 |      20 |       0 |   0.0
            +---------+---------+-------+---------+---------+-------
        D:1 |      26 |       0 |   0.0 |      12 |       0 |   0.0
        D:2 |       7 |       0 |   0.0 |       5 |       0 |   0.0
        D:3 |      19 |       0 |   0.0 |       3 |       0 |   0.0
            +---------+---------+-------+---------+---------+-------
